 Dungeon Crawl Stone Soup version 0.27.0-1-g7a089689b8 (webtiles) character file.

Game seed: 18024875400974996677

1 Malachi the Thaumaturge (level 1, 0/13 HPs)
             Began as a Gnoll Wanderer on Aug 12, 2021.
             Slain by a hobgoblin (5 damage)
             ... on level 1 of the Dungeon.
             The game lasted 00:00:15 (153 turns).

Malachi the Thaumaturge (Gnoll Wanderer)             Turns: 153, Time: 00:00:16

Health: 0/13       AC:  2    Str: 13    XL:     1   Next: 20%
Magic:  10/10      EV: 11    Int:  8    God:
Gold:   9          SH:  0    Dex: 12    Spells: 18/18 levels left

rFire    . . .     SeeInvis .   a - +0 club
rCold    . . .     Faith    .   (no shield)
rNeg     . . .     Spirit   .   b - +0 robe
rPois    .         Reflect  .   (no helmet)
rElec    .         Harm     .   (no cloak)
rCorr    .         Rampage  .   (no gloves)
Will     .....                  (no boots)
Stlth    +.........             (no amulet)
HPRegen  0.04/turn              (no ring)
MPRegen  0.12/turn              (no ring)

@: no status effects
A: fangs 1, strong nose, distributed training
a: no special abilities


You were on level 1 of the Dungeon.
You visited 1 branch of the dungeon, and saw 1 of its levels.

You collected 9 gold pieces.

Inventory:

Hand Weapons
 a - a +0 club (weapon)
Armour
 b - a +0 robe (worn)


   Skills:
 + Level 0.0 Fighting
 + Level 0.0 Short Blades
 + Level 0.0 Long Blades
 + Level 0.0 Axes
 + Level 0.0 Maces & Flails
 + Level 0.0 Polearms
 + Level 0.0 Staves
 + Level 0.0 Slings
 + Level 0.0 Bows
 + Level 0.0 Crossbows
 + Level 2.3 Throwing
 + Level 0.0 Armour
 + Level 0.0 Dodging
 + Level 0.0 Stealth
 + Level 0.0 Shields
 + Level 0.0 Unarmed Combat
 + Level 9.2 Spellcasting
 + Level 0.0 Conjurations
 + Level 0.0 Hexes
 + Level 0.0 Summonings
 + Level 1.9 Necromancy
 + Level 0.0 Translocations
 + Level 3.6 Transmutations
 + Level 0.0 Fire Magic
 + Level 0.0 Ice Magic
 + Level 0.0 Air Magic
 + Level 1.9 Earth Magic
 + Level 0.0 Poison Magic
 + Level 0.0 Invocations
 + Level 2.3 Evocations


You had 18 spell levels left.
You didn't know any spells.
Your spell library contained the following spells:

 Spells                   Type           Power      Damage    Failure   Level
 Beastly Appendage        Tmut           18%        N/A       3%          1
 Wereblood                Tmut           9%         N/A       6%          2
 Sandblast                Erth           12%        2d6       8%          1
 Spider Form              Tmut/Pois      3%         N/A       24%         3
 Stone Arrow              Conj/Erth      10%        3d7       34%         3
 Ice Form                 Ice/Tmut       6%         N/A       63%         4


Dungeon Overview and Level Annotations

Branches:
Dungeon (1/15)

Altars:


Innate Abilities, Weirdness & Mutations

You have very sharp teeth.
Your uncanny sense of smell can sniff out nearby items.
Your experience applies equally to all skills.


Message History

The hobgoblin shouts!
Found 17 gold pieces.
A hobgoblin is nearby!
A hobgoblin is nearby!
A kobold comes into view. It is wielding a +0 club.
You see here 3 gold pieces.
You barely miss the hobgoblin.
The kobold shouts!
The hobgoblin hits you.
You hit the hobgoblin. Your bite misses the hobgoblin.
The hobgoblin is severely wounded.
The hobgoblin barely misses you. The hobgoblin misses you.
You closely miss the hobgoblin.
The hobgoblin is heavily wounded.
The hobgoblin barely misses you.
You hit the hobgoblin but do no damage. Your bite misses the hobgoblin.
The hobgoblin is heavily wounded.
The hobgoblin hits you. The kobold hits you with a +0 club.
You are too injured to fight recklessly!
You are too injured to fight recklessly!
You are too injured to fight recklessly!
You are too injured to fight recklessly!
You see here 3 gold pieces.
Sorry, you're not good enough to have a special ability.
Unknown command.
You hit the hobgoblin.
The hobgoblin is almost dead.
The hobgoblin barely misses you.
You closely miss the hobgoblin.
The hobgoblin is almost dead.
The hobgoblin barely misses you. The hobgoblin closely misses you.
You completely miss the hobgoblin.
The hobgoblin is almost dead.
The kobold closely misses you.
The hobgoblin hits you but does no damage.
The kobold barely misses you.
You closely miss the hobgoblin.
The hobgoblin is almost dead.
The hobgoblin hits you.
You die...

#.### ... #....####
#.#.. .. ...$.....
#.#.# ..#........ #.#.#
.#........ #.#.#
.........
#.#.########+##........
#.............#.#######
###.########..#g.......
#..........#..@K....(..
#.#.######.#.#.........
#.#.# #.#)#.......#.
#.#.# #.#.#.#.......
#.#.# #.#.#.#.#.#.#.
#.#.# #.#.#.#.#.....
#.#.# #.#.#.#.......
#.#.# #.#.#.# # #.
#.#.# #.#.#


You could see a hobgoblin and a kobold.

Vanquished Creatures
  A hobgoblin (D:1)
1 creature vanquished.

Notes
Turn   | Place    | Note
-------+----------+-------------------------------------------
     0 | D:1      | Reached skill level 9 in Spellcasting
     0 | D:1      | Malachi the Gnoll Wanderer began the quest for the Orb.
     0 | D:1      | Malachi set off with the following items: a +0 club, a +0
                  | robe; and the following spells available to memorise:
                  | Beastly Appendage, Wereblood, Sandblast, Spider Form, Stone
                  | Arrow, Ice Form
     0 | D:1      | Reached XP level 1. HP: 13/13 MP: 10/10
   153 | D:1      | Slain by a hobgoblin

Illustrated notes

Levels and vault maps discovered:
D:1:      ncdulo_smallfort, layout_basic, dilly_ecumenical_altar_fadedgnrine

Skill      XL: | |
---------------+-+-----
Spellcasting   | |  9.2
Throwing       | |  2.3
Necromancy     | |  1.9
Transmutations | |  3.6
Earth Magic    | |  1.9
Evocations     | |  2.3

Action                   || total
-------------------------++-------
Melee: Club              ||    12
       Bite              ||     1
Armor: Robe              ||     2
Dodge: Dodged            ||    12
